 Dungeon Crawl Stone Soup version 0.27.0-1-g7a089689b8 (webtiles) character file.

Game seed: 6296519090722146032

89 Acheron the Ducker (level 4, 0/34 HPs)
             Began as a Demonspawn Gladiator on Aug 3, 2021.
             Was a Believer of Fedhas.
             Slain by Natasha (7 damage)
             ... on level 3 of the Dungeon.
             The game lasted 00:06:59 (2739 turns).

Acheron the Ducker (Demonspawn Gladiator)           Turns: 2739, Time: 00:06:59

Health: 0/34       AC:  3    Str: 14    XL:     4   Next: 31%
Magic:  4/4        EV: 12    Int: 11    God:    Fedhas [**....]
Gold:   80         SH:  0    Dex: 14    Spells: 3/3 levels left

rFire    . . .     SeeInvis .   a - +0 war axe
rCold    . . .     Faith    .   (no shield)
rNeg     . . .     Spirit   .   b - +0 leather armour
rPois    .         Reflect  .   (helmet restricted)
rElec    .         Harm     .   (no cloak)
rCorr    .         Rampage  .   (no gloves)
Will     .....                  (no boots)
Stlth    +.........             h - amulet of regeneration
HPRegen  1.11/turn              (no ring)
MPRegen  0.09/turn              (no ring)

@: slowed, very slow
A: antennae 2
a: Renounce Religion, Wall of Briars


You were on level 3 of the Dungeon.
You worshipped Fedhas.
Fedhas was pleased with you.
You visited 1 branch of the dungeon, and saw 3 of its levels.

You collected 94 gold pieces.
You spent 14 gold pieces at shops.

Inventory:

Hand Weapons
 a - a +0 war axe (weapon)
 c - a +0 hand crossbow
 i - a +0 dagger of protection
Missiles
 d - 3 throwing nets (quivered)
 e - 10 sling bullets
Armour
 b - a +0 leather armour (worn)
Jewellery
 h - an amulet of regeneration (around neck)
Wands
 n - a wand of digging (6)
Scrolls
 g - a scroll of teleportation {unknown}
 j - a scroll of summoning {unknown}
 l - a scroll of enchant armour {unknown}
Potions
 f - a potion of mutation {unknown}
 k - a potion of attraction {unknown}
 m - a potion of brilliance {unknown}


   Skills:
 * Level 2.3 Fighting
 + Level 3.3 Axes
 * Level 2.1 Throwing
 + Level 0.7 Armour
 * Level 3.4 Dodging
 * Level 1.2 Stealth


You had 3 spell levels left.
You didn't know any spells.
Your spell library contained the following spells:

 Spells                   Type           Power      Damage    Failure   Level
 Tukima's Dance           Hex            0%         N/A       80%         3
 Passage of Golubria      Tloc           N/A        N/A       99%         4
 Yara's Violent Unravell  Hex/Tmut       0%         3d3       100%        5


Dungeon Overview and Level Annotations

Branches:
Dungeon (3/15)

Altars:
Fedhas

Shops:
D:2 *

Annotations:
D:3 Jessica, Natasha


Innate Abilities, Weirdness & Mutations

You have a pair of antennae on your head.


Message History

Natasha is moderately wounded.
Natasha claws you.
You completely miss Natasha.
Natasha is moderately wounded.
Natasha claws you.
Natasha growls.
Natasha barely misses you.
You slash Natasha!
Natasha is almost dead.
Natasha misses you.
You barely miss Natasha.
Natasha is almost dead.
Natasha claws you.
You closely miss Natasha.
Natasha is almost dead.
Natasha barely misses you. Natasha claws you.
You hit Natasha but do no damage.
Natasha is almost dead.
Natasha claws you.
You barely miss Natasha.
Natasha is almost dead.
Natasha barely misses you. Natasha claws you.
You barely miss Natasha.
Natasha is almost dead.
Natasha casts a spell at you.
You feel yourself slow down. Natasha claws you.
* * * LOW HITPOINT WARNING * * *
You closely miss Natasha.
Natasha is almost dead.
Natasha claws you.
* * * LOW HITPOINT WARNING * * *
Natasha casts a spell at you. The magic dart hits you.
* * * LOW HITPOINT WARNING * * *
You hit Natasha but do no damage.
Natasha is almost dead.
Natasha closely misses you. Natasha claws you!
You die...
Fedhas appreciates your contribution to the ecosystem.

####.......#. <##
#.......@. ##.
##.######. #.. #.#
#.# #.# ##.## #.#
##.... #.######.. #l#
#.....#.####h####.#.#
#####.......@..^....#
########+######.#


You could see Natasha and a frilled lizard.

Vanquished Creatures
  2 adders (D:2)
  4 worms (D:2)
  2 dart slugs (D:1)
  3 endoplasms (D:1)
  3 giant cockroaches
  4 goblins
  6 hobgoblins
  10 jackals
  2 quokkas (D:1)
  5 ball pythons
  6 bats (D:1)
  3 frilled lizards
  2 kobolds (D:1)
  2 rats
54 creatures vanquished.

Notes
Turn   | Place    | Note
-------+----------+-------------------------------------------
     0 | D:1      | Acheron the Demonspawn Gladiator began the quest for the
                  | Orb.
     0 | D:1      | Reached XP level 1. HP: 16/16 MP: 1/1
   136 | D:1      | Found a faded altar of an unknown god.
   262 | D:1      | Became a worshipper of Fedhas Madash
   262 | D:1      | Reached * piety under Fedhas
   416 | D:1      | Gained mutation: You have a pair of small antennae on your
                  | head. [demonic ancestry]
   416 | D:1      | Reached XP level 2. HP: 16/22 MP: 2/2
   926 | D:1      | Reached XP level 3. HP: 23/27 MP: 3/3
  1713 | D:2      | Reached ** piety under Fedhas
  1764 | D:2      | Reached skill level 1 in Stealth
  2165 | D:2      | Found Saydeca's General Store.
  2177 | D:2      | Bought a potion of degeneration for 14 gold pieces
  2227 | D:2      | Gained mutation: You have a pair of antennae on your head.
                  | [demonic ancestry]
  2227 | D:2      | Reached XP level 4. HP: 22/33 MP: 4/4
  2288 | D:3      | Noticed Natasha
  2706 | D:3      | Noticed Jessica
  2739 | D:3      | Slain by Natasha

Illustrated notes

Levels and vault maps discovered:
D:1:      psy_arrival_dodecagon, layout_basic,
          ebering_ecumenical_altar_petrified, minmay_misc_feat_roman
D:2:      layout_loops_ring, serial_shops, shop, mrwooster_statue_mirror
D:3:      layout_basic, interstate_on_off, uniq_jessica, uniq_natasha, uniq_ijyb

Skill      XL: |  1  2  3 |
---------------+----------+-----
Dodging        | 3 |  3.4
Axes           | 3 |  3.3
Stealth        | 1 |  1.2
Throwing       | 2 |  2.1
Fighting       | |  2.3
Armour         | |  0.7

Action                   |  1- 3 |  4- 6 || total
-------------------------+-------+-------++-------
Melee: War axe           |   135 |    71 ||   206
 Stab: Sleeping          |     3 |     1 ||     4
Armor: Leather armour    |    44 |    13 ||    57
Dodge: Dodged            |   131 |    48 ||   179
